Map: [ESL] Hard Lead

Players

ShaDoWn - Winner!

  • Race: Protoss Protoss
  • League: Master
  • Spawn Location: 5:00

Lambo

  • Race: Zerg Zerg
  • Spawn Location: 11:00

Event: HomeStory Cup XXIV

VOD

Have the link to the VOD?

Description

Time

  • Played on: Dec. 1, 2023, 3:02 p.m.
  • Length: 13:53

All games in this series

Show
View Real Time Build Order
Export as new Build Order

ShaDoWn Protoss - Winner!

Build Orders: 1 Gate Expand, Archon Immortal, Mass Adepts 

Get SALT Encoding   

  12  0:00  Probe  
  13  0:13  Pylon  
  13  0:17  Probe (Chrono Boost)  
  14  0:27  Probe (Chrono Boost)  
  15  0:32  Probe (Chrono Boost)  
  16  0:40  Gateway  
  16  0:44  Probe  
  16  0:49  Assimilator  
  17  0:56  Probe  
  18  1:08  Probe  
  19  1:20  Probe  
  20  1:27  Nexus  
  20  1:36  Cybernetics Core  
  20  1:37  Probe  
  21  1:43  Assimilator  
  21  1:49  Probe  
  21  1:52  Pylon  
  22  2:01  Probe  
  23  2:09  Adept (Chrono Boost)  
  23  2:13  Probe (Chrono Boost)  
  26  2:16  Twilight Council  
  27  2:23  Probe (Chrono Boost)  
  27  2:28  Probe (Chrono Boost)  
  27  2:32  Stalker  
  30  2:40  Probe  
  30  2:41  Probe  
  32  2:45  Gateway  
  32  2:48  Warp Gate  
  32  2:52  Probe  
  32  2:53  Resonating Glaives (Chrono Boost)  
  32  2:54  Probe  
  34  3:04  Probe  
  35  3:06  Probe  
  35  3:10  Gateway  
  36  3:13  Adept  
  36  3:18  Probe  
  40  3:22  Gateway  
  40  3:23  Probe  
  40  3:30  Probe  
  40  3:32  Adept  
  43  3:34  Pylon  
  43  3:36  Probe  
  44  3:42  Probe  
  44  3:48  Probe  
  46  3:56  Pylon, Probe  
  46  4:00  Probe, Adept (Chrono Boost)  
  50  4:05  Nexus  
  50  4:09  Pylon, Probe  
  51  4:15  Probe  
  51  4:17  Pylon  
  52  4:21  Probe  
  53  4:27  Probe  
  54  4:33  Probe  
  54  4:37  Adept x3  
  61  4:38  Adept  
  61  4:42  Robotics Facility  
  61  4:43  Probe  
  64  4:47  Assimilator x2, Probe  
  65  4:58  Adept x3  
  65  4:59  Adept  
  74  5:01  Pylon  
  73  5:14  Pylon  
  73  5:17  Probe x2 (Chrono Boost)  
  73  5:20  Probe (Chrono Boost)  
  76  5:22  Forge  
  76  5:32  Observer (Chrono Boost)  
  76  5:35  Probe x2 (Chrono Boost)  
  80  5:36  Robotics Bay  
  80  5:37  Probe (Chrono Boost)  
  80  5:41  Robotics Facility  
  80  5:42  Stalker, Probe x3 (Chrono Boost)  
  82  5:44  Sentry  
  82  5:47  Shield Battery  
  87  5:53  Warp Prism (Chrono Boost), Probe  
  87  5:56  Probe  
  91  5:57  Protoss Ground Weapons Level 1  
  92  6:05  Probe  
  92  6:07  Assimilator x2  
  92  6:08  Gateway  
  92  6:11  Probe  
  92  6:14  Pylon  
  92  6:16  Probe  
  92  6:17  Pylon  
  92  6:19  Stalker x3  
  92  6:22  Probe  
  97  6:31  Probe  
  104  6:33  Probe  
  104  6:34  Pylon  
  104  6:36  Colossus (Chrono Boost), Pylon  
  104  6:39  Colossus (Chrono Boost)  
  105  6:46  Probe  
  110  6:55  Extended Thermal Lance  
  110  6:59  Blink  
  110  7:01  Pylon  
  110  7:02  Probe  
  111  7:11  Adept x5  
  111  7:15  Probe  
  121  7:27  Immortal (Chrono Boost)  
  125  7:30  Nexus, Probe  
  125  7:34  Probe  
  127  7:40  Probe  
  127  7:42  Pylon  
  128  7:44  Templar Archives  
  128  7:45  Probe  
  129  7:53  Protoss Ground Weapons Level 2 (Chrono Boost)  
  129  7:55  Colossus (Chrono Boost)  
  129  7:56  Probe  
  136  7:59  Probe  
  136  8:01  Probe  
  136  8:02  Shield Battery, Pylon  
  136  8:04  Photon Cannon  
  138  8:05  Photon Cannon  
  138  8:07  Photon Cannon  
  138  8:08  Probe  
  138  8:11  Probe  
  146  8:17  Pylon  
  146  8:19  Colossus (Chrono Boost)  
  140  8:20  Photon Cannon, Probe  
  140  8:25  Pylon  
  141  8:30  Probe  
  141  8:33  High Templar, Assimilator  
  141  8:34  High Templar, Assimilator, Disruptor (Chrono Boost)  
  146  8:40  Probe  
  151  8:44  Photon Cannon, Psionic Storm, Shield Battery  
  151  8:54  Probe  
  152  8:58  Probe  
  153  9:03  Gateway, Immortal (Chrono Boost)  
  153  9:05  Gateway  
  153  9:08  Gateway  
  157  9:10  Pylon  
  157  9:11  High Templar x2  
  161  9:18  Gateway, Immortal (Chrono Boost)  
  161  9:20  Gateway, High Templar  
  165  9:34  Adept x2  
  167  9:39  Archon x2  
  151  9:45  Stalker x2  
  151  9:48  Immortal  
  151  9:49  Probe  
  151  9:52  Stalker  
  150  10:00  Immortal, Pylon  
  150  10:01  High Templar  
  150  10:02  High Templar x2  
  150  10:07  Nexus  
  160  10:08  Adept  
  160  10:09  Adept x3  
  168  10:15  Pylon  
  168  10:16  Pylon  
  168  10:28  Archon, Immortal (Chrono Boost)  
  170  10:31  Stalker x6  
  170  10:32  Zealot  
  143  10:38  Immortal (Chrono Boost)  
  143  10:40  Stalker x3  
  145  10:43  Probe x2  
  145  10:44  Probe  
  145  10:45  Shield Battery  
  145  10:47  Photon Cannon  
  146  10:52  Probe  
  146  10:54  Adept x4  
  155  11:01  Observer (Chrono Boost)  
  155  11:02  Probe  
  157  11:06  Assimilator  
  157  11:09  Assimilator  
  157  11:10  Observer (Chrono Boost)  
  158  11:14  High Templar x2  
  158  11:15  Probe  
  163  11:18  Shield Battery  
  163  11:19  Probe  
  163  11:20  Photon Cannon  
  163  11:21  Stalker x3  
  163  11:23  Photon Cannon  
  168  11:32  Warp Prism, Immortal  
  174  11:44  High Templar x2  
  174  11:46  Probe  
  175  11:52  Charge  
  175  11:53  Adept  
  175  11:54  Adept x2  
  179  11:55  Adept  
  179  11:56  Adept x2  
  179  11:58  Shield Battery  
  179  12:00  Photon Cannon  
  187  12:10  High Templar x2  
  187  12:14  Pylon  
  185  12:16  Pylon  
  189  12:24  Immortal (Chrono Boost)  
  189  12:33  High Templar x4  
  189  12:34  Zealot  
  199  12:51  Archon  
  188  12:52  Archon  
  188  12:53  Stalker x2  
  188  12:54  Stalker x4  
  172  13:00  Probe x5  
  172  13:04  Immortal  
  173  13:12  Stalker x4, Probe x2  
  183  13:16  Stalker x3  
  183  13:17  Stalker x3  
  182  13:35  Zealot x2  
  182  13:40  Stalker x7  
  200  13:46  Archon  
Show
View Real Time Build Order
Export as new Build Order

Lambo Zerg 

Build Orders: Hatch First 

Get SALT Encoding   

  12  0:00  Drone  
  13  0:12  Overlord  
  13  0:17  Drone  
  14  0:30  Drone x2  
  16  0:37  Drone  
  17  0:51  Hatchery  
  17  0:54  Drone  
  17  0:57  Drone  
  18  1:08  Extractor  
  17  1:12  Spawning Pool  
  17  1:16  Drone  
  17  1:18  Drone  
  18  1:27  Drone  
  19  1:38  Drone  
  20  1:51  Overlord  
  20  1:59  Queen  
  22  2:02  Queen  
  22  2:03  Drone  
  22  2:04  Zergling x2  
  22  2:07  Metabolic Boost  
  26  2:10  Zergling x2  
  26  2:13  Drone  
  28  2:21  Drone  
  29  2:24  Drone  
  30  2:32  Drone  
  30  2:36  Hatchery  
  30  2:41  Drone  
  31  2:46  Queen  
  31  2:50  Overlord  
  33  2:54  Drone  
  33  2:57  Zergling x2  
  36  2:58  Drone  
  36  3:07  Queen, Overlord  
  36  3:11  Drone x2  
  40  3:13  Drone  
  40  3:15  Drone  
  40  3:19  Drone x2  
  44  3:25  Queen  
  46  3:27  Drone  
  46  3:28  Drone  
  46  3:32  Overlord  
  48  3:34  Drone  
  50  3:41  Drone  
  50  3:43  Overlord  
  50  3:45  Drone x2  
  51  3:51  Zergling x2  
  51  3:52  Zergling x2  
  54  3:55  Zergling x4  
  54  3:57  Roach Warren  
  54  3:59  Drone x3  
  57  4:05  Drone  
  57  4:07  Queen  
  60  4:12  Drone x3  
  63  4:17  Overlord  
  63  4:24  Zergling x4  
  65  4:27  Overlord  
  64  4:35  Extractor, Overlord  
  63  4:41  Roach x7  
  77  4:46  Zergling x2  
  77  4:49  Overlord x2  
  77  4:50  Zergling x2, Roach  
  77  4:52  Queen  
  81  4:58  Overlord  
  81  4:59  Overlord  
  83  5:00  Overlord  
  86  5:07  Roach x2  
  86  5:08  Overlord  
  86  5:09  Overlord  
  86  5:13  Overlord  
  83  5:15  Drone x2  
  83  5:20  Drone x3  
  85  5:24  Extractor  
  85  5:25  Drone, Lair  
  85  5:27  Drone  
  85  5:28  Drone, Extractor  
  87  5:30  Zergling x2  
  87  5:32  Overlord  
  86  5:40  Roach x2  
  86  5:41  Drone x3  
  93  5:44  Roach  
  93  5:46  Drone x2  
  96  5:50  Drone  
  96  5:51  Drone  
  96  5:53  Drone x2  
  96  5:54  Evolution Chamber  
  96  5:57  Drone x3  
  102  6:03  Drone x3  
  105  6:07  Extractor  
  105  6:10  Drone x2  
  106  6:13  Roach x3, Overlord  
  106  6:15  Overlord  
  112  6:23  Overseer  
  112  6:24  Glial Reconstitution  
  112  6:25  Zerg Missile Weapons Level 1  
  112  6:28  Drone  
  113  6:33  Drone x2  
  113  6:34  Extractor  
  113  6:35  Drone, Baneling Nest, Hatchery  
  111  6:42  Roach x3  
  111  6:45  Overlord  
  114  6:47  Drone  
  114  6:48  Drone  
  114  6:49  Drone  
  114  6:52  Drone  
  119  6:54  Drone x2  
  119  6:57  Overseer  
  119  6:58  Roach  
  119  6:59  Roach  
  119  7:01  Overlord  
  124  7:11  Drone x5  
  132  7:15  Drone x5  
  133  7:23  Centrifugal Hooks  
  133  7:24  Drone x6  
  133  7:26  Ravager x4  
  133  7:29  Zergling x4  
  145  7:34  Ravager x2  
  145  7:35  Zergling x2  
  148  7:40  Zergling x10  
  148  7:41  Ravager x3  
  148  7:44  Zergling x2  
  157  7:49  Overlord x2  
  157  7:50  Overlord x3  
  157  7:55  Overlord  
  157  7:56  Overlord  
  157  7:57  Roach x3  
  162  8:00  Roach x2  
  166  8:08  Roach x6  
  177  8:15  Zergling x4  
  177  8:16  Hatchery  
  177  8:19  Zerg Melee Weapons Level 1  
  176  8:20  Zergling x10  
  176  8:26  Zergling x16  
  189  8:32  Drone, Infestation Pit  
  189  8:34  Drone  
  190  8:42  Drone x3  
  190  8:46  Extractor  
  190  8:47  Roach x3  
  190  8:48  Zergling x2  
  199  8:49  Overlord  
  199  8:54  Zergling x6  
  199  8:58  Overlord  
  199  9:06  Baneling x10  
  199  9:07  Baneling x16  
  199  9:10  Baneling x12  
  199  9:15  Baneling x3  
  199  9:21  Overlord  
  199  9:30  Zergling x6  
  180  9:38  Zergling x38  
  180  9:41  Roach  
  180  9:42  Roach x3  
  184  9:45  Zergling x2  
  184  9:46  Roach  
  184  9:47  Zergling x2  
  184  9:48  Zergling x8  
  184  9:52  Hive  
  176  9:54  Hydralisk Den  
  176  9:57  Zergling x10  
  180  10:00  Zergling x2  
  180  10:03  Baneling x16  
  180  10:06  Zergling x6  
  184  10:07  Baneling x2  
  184  10:12  Zergling x12  
  184  10:13  Zerg Missile Weapons Level 2  
  186  10:18  Drone x2  
  188  10:24  Zergling x2  
  188  10:25  Zergling x4  
  181  10:31  Roach x9  
  181  10:35  Roach x2  
  159  10:38  Roach  
  159  10:40  Roach x4  
  159  10:42  Roach  
  145  10:46  Roach x4  
  145  10:49  Roach  
  150  10:52  Roach x2  
  150  10:53  Ravager  
  150  10:54  Zergling x6, Ravager  
  159  10:57  Zergling x4  
  159  10:58  Ravager x2  
  159  11:00  Zergling x12  
  169  11:06  Zergling x2, Lurker Den  
  169  11:07  Zergling x4  
  169  11:10  Drone x2  
  173  11:13  Viper, Extractor  
  175  11:18  Drone x2  
  175  11:19  Drone  
  175  11:20  Zergling x14  
  175  11:24  Zergling x6  
  186  11:26  Viper  
  186  11:30  Zergling x16  
  186  11:32  Baneling x7  
  193  11:37  Zergling x6  
  196  11:40  Zergling x4  
  196  11:45  Spore Crawler  
  195  11:47  Spine Crawler  
  195  11:49  Adrenal Glands  
  194  11:54  Zergling x6  
  194  11:55  Zergling x4  
  194  11:58  Overseer  
  199  12:03  Spine Crawler  
  199  12:04  Baneling x17  
  198  12:13  Extractor x2  
  198  12:14  Zergling x12  
  199  12:17  Seismic Spines  
  199  12:19  Zergling x2  
  199  12:20  Zergling x2  
  198  12:24  Zergling x6  
  198  12:27  Zergling x4  
  200  12:30  Baneling x6  
  183  12:53  Zergling x66  
  183  12:56  Zergling x6  
  185  13:00  Roach  
  185  13:04  Hydralisk x3  
  178  13:08  Hydralisk x2  
  180  13:15  Baneling x7  
  180  13:17  Hydralisk  
  179  13:29  Hydralisk x4  
  179  13:32  Zergling x6  
Tags
 
Add a new tag
Caveats
  • Supply blocks, unpowered buildings, or Contaminate may cause inaccurate times.
  • Supply counts are checked every 10 seconds.